 Dungeon Crawl Stone Soup version 0.27.1-33-g824d729ab1 (webtiles) character file.

Game seed: 13082738401892852224

217 jlumianski the Ducker (level 5, -2/47 HPs)
             Began as a Gnoll Monk on Dec 21, 2021.
             Slain by Grinder (7 damage)
             ... on level 4 of the Dungeon.
             The game lasted 00:16:12 (3760 turns).

jlumianski the Ducker (Gnoll Monk)                  Turns: 3760, Time: 00:16:13

Health: -2/47      AC:  4    Str: 12    XL:     5   Next: 94%
Magic:  7/7        EV: 14    Int: 15    God:
Gold:   66         SH:  0    Dex: 14    Spells: 7/7 levels left

rFire    + . .     SeeInvis .   a - +0 hand axe
rCold    . . .     Faith    .   (no shield)
rNeg     . . .     Spirit   .   l - +0 leather armour
rPois    .         Reflect  .   (no helmet)
rElec    .         Harm     .   (no cloak)
rCorr    .         Rampage  .   h - +0 pair of gloves
Will     .....                  (no boots)
Stlth    ++........             (no amulet)
HPRegen  0.15/turn              e - +6 ring of intelligence
MPRegen  0.10/turn              j - ring of protection from fire

@: mighty
A: fangs 1, strong nose, distributed training
a: no special abilities


You were on level 4 of the Dungeon.
You visited 1 branch of the dungeon, and saw 4 of its levels.

You collected 159 gold pieces.
You spent 93 gold pieces at shops.

Inventory:

Hand Weapons
 a - a +0 hand axe (weapon)
 s - a +0 hand axe of freezing
Missiles
 c - 109 stones (quivered)
 d - 52 bolts
 f - 4 javelins
 i - 12 boomerangs
Armour
 b - a +0 robe
 h - a +0 pair of gloves (worn)
 l - a +0 leather armour (worn)
Jewellery
 e - a +6 ring of intelligence (left hand)
 j - a ring of protection from fire (right hand)
 r - a ring of protection from fire
Scrolls
 o - 2 scrolls of teleportation
Potions
 g - a potion of degeneration
 n - a potion of haste
 p - a potion of lignification {unknown}


   Skills:
 + Level 6.7 Fighting
 + Level 1.7 Short Blades
 + Level 1.7 Long Blades
 + Level 6.7 Axes
 + Level 1.7 Maces & Flails
 + Level 1.7 Polearms
 + Level 1.7 Staves
 + Level 1.7 Slings
 + Level 1.7 Bows
 + Level 1.7 Crossbows
 + Level 1.7 Throwing
 + Level 1.7 Armour
 + Level 6.7 Dodging
 + Level 4.5 Stealth
 + Level 1.7 Shields
 + Level 1.7 Unarmed Combat
 + Level 1.7 Spellcasting
 + Level 1.3 Conjurations
 + Level 1.3 Hexes
 + Level 1.3 Summonings
 + Level 1.3 Necromancy
 + Level 1.3 Translocations
 + Level 1.3 Transmutations
 + Level 1.3 Fire Magic
 + Level 1.3 Ice Magic
 + Level 1.3 Air Magic
 + Level 1.3 Earth Magic
 + Level 1.3 Poison Magic
 + Level 1.9 Invocations
 + Level 1.7 Evocations


You had 7 spell levels left.
You didn't know any spells.
Your spell library contained the following spells:

 Spells                   Type           Power      Damage    Failure   Level
 Gell's Gravitas          Tloc           2%         N/A       45%         3
 Teleport Other           Tloc           5%         N/A       45%         3
 Dispersal                Tloc           2%         N/A       100%        6


Dungeon Overview and Level Annotations

Branches:
Dungeon (4/15)
 Temple: D:4-7

Altars:

Shops:
D:3 (*[

Annotations:
D:4 1 runed translucent door, Crazy Yiuf, Grinder


Innate Abilities, Weirdness & Mutations

You have very sharp teeth.
Your uncanny sense of smell can sniff out nearby items.
Your experience applies equally to all skills.


Message History

Grinder blinks!
You hit the necrophage.
The necrophage is lightly damaged.
The necrophage hits you.
You feel drained.
You slash the necrophage!
The necrophage is heavily damaged.
The necrophage closely misses you.
You hit the necrophage but do no damage.
The necrophage is heavily damaged.
The necrophage hits you!
You hit the necrophage.
The necrophage is severely damaged.
The necrophage hits you!
You feel drained.
You barely miss the necrophage.
The necrophage is severely damaged.
The necrophage misses you.
You hit the necrophage.
The necrophage is almost destroyed.
You closely miss Grinder. The necrophage barely misses you.
You slash the necrophage!
You destroy the necrophage!
You hit Grinder.
Grinder blinks!
Your life force feels restored.
You closely miss Grinder.
Grinder is lightly wounded.
Grinder hits you.
* * * LOW HITPOINT WARNING * * *
You writhe in agony.
* * * LOW HITPOINT WARNING * * *
You closely miss Grinder.
Grinder is lightly wounded.
Grinder misses you.
You slash Grinder! Your punch misses Grinder. Your bite misses Grinder.
Grinder is moderately wounded.
Grinder gestures at you. You resist with significant effort.
You slash Grinder! Your bite misses Grinder.
Grinder is heavily wounded.
Grinder hits you!
You die...

∆ .... ### #... #<# #...# ∆
####.###.... #......#....
#.##.#.#....#####♣♣ ### #.##.#.#
#.5#...P♣♣ #..)# #.##.#.#
#†@....P♣♣♣♣.+..g# #.##.#.#
#......P.♣..♣ #.##.#.#
##.#....♣.♣♣♣
#.##.#.######..##♣♣♣♣♣
#......#.......#
#..#.#.#.#####.#############
####....... ##.......+.....[..#
#.....#######........#.##########
#...<.'.....'...................#


You could see Grinder.

Vanquished Creatures
  A necrophage (D:4)
  An iguana (D:4)
  An adder (D:2)
  3 worms
  2 dart slugs (D:1)
  An orc (D:3)
  10 ball pythons
  6 bats
  12 endoplasms
  2 giant cockroaches (D:1)
  5 goblins
  7 hobgoblins
  A jackal (D:2)
  4 quokkas
  2 frilled lizards
  7 kobolds
  7 rats
  A spectral goblin (D:1)
73 creatures vanquished.

Notes
Turn   | Place    | Note
-------+----------+-------------------------------------------
     0 | D:1      | jlumianski the Gnoll Monk began the quest for the Orb.
     0 | D:1      | Reached XP level 1. HP: 23/23 MP: 1/1
   251 | D:1      | Reached XP level 2. HP: 24/29 MP: 2/2
   557 | D:1      | Reached XP level 3. HP: 35/35 MP: 3/3
   771 | D:1      | Found a faded altar of an unknown god.
  1018 | D:1      | Reached skill level 1 in Invocations
  1314 | D:2      | Reached skill level 1 in Short Blades
  1314 | D:2      | Reached skill level 1 in Long Blades
  1314 | D:2      | Reached skill level 1 in Maces & Flails
  1314 | D:2      | Reached skill level 1 in Polearms
  1314 | D:2      | Reached skill level 1 in Staves
  1314 | D:2      | Reached skill level 1 in Slings
  1314 | D:2      | Reached skill level 1 in Bows
  1314 | D:2      | Reached skill level 1 in Crossbows
  1314 | D:2      | Reached skill level 1 in Throwing
  1314 | D:2      | Reached skill level 1 in Armour
  1314 | D:2      | Reached skill level 1 in Shields
  1314 | D:2      | Reached skill level 1 in Unarmed Combat
  1314 | D:2      | Reached skill level 1 in Spellcasting
  1314 | D:2      | Reached skill level 1 in Evocations
  1527 | D:2      | Reached XP level 4. HP: 38/41 MP: 5/5
  2108 | D:3      | Found Saz Qeid's Armour Boutique.
  2338 | D:3      | Found Hadiammeth's Assorted Antiques.
  2347 | D:3      | Bought a scroll of teleportation for 93 gold pieces
  2386 | D:3      | Found Hugel's Weapon Shoppe.
  2465 | D:3      | Reached skill level 1 in Conjurations
  2465 | D:3      | Reached skill level 1 in Hexes
  2465 | D:3      | Reached skill level 1 in Summonings
  2465 | D:3      | Reached skill level 1 in Necromancy
  2465 | D:3      | Reached skill level 1 in Translocations
  2465 | D:3      | Reached skill level 1 in Transmutations
  2465 | D:3      | Reached skill level 1 in Fire Magic
  2465 | D:3      | Reached skill level 1 in Ice Magic
  2465 | D:3      | Reached skill level 1 in Air Magic
  2465 | D:3      | Reached skill level 1 in Earth Magic
  2465 | D:3      | Reached skill level 1 in Poison Magic
  2851 | D:4      | Reached XP level 5. HP: 16/47 MP: 5/7
  3173 | D:4      | Noticed Grinder
  3729 | D:4      | Found a runed translucent door.
  3730 | D:4      | Noticed Crazy Yiuf
  3746 | D:4      | Noticed a necrophage
  3756 | D:4      | Killed a necrophage
  3760 | D:4      | Slain by Grinder

Illustrated notes

Levels and vault maps discovered:
D:1:      erik_arrival_orb_chamber, layout_basic,
          dreamdust_ecumenical_altar_drowned_temple, serial_aquarium,
          aquarium_bridge_long_joined [aquarium_subvault_window,
          aquarium_subvault_wall, aquarium_subvault_bridge,
          aquarium_subvault_balcony, aquarium_subvault_balcony,
          aquarium_subvault_wall], aquarium_bridge_square
          [aquarium_subvault_bridge, aquarium_subvault_window,
          aquarium_subvault_bridge, aquarium_subvault_bridge],
          aquarium_window_fake, aquarium_window_1, aquarium_view_2c,
          aquarium_balcony_3b, minmay_tetromino_l2
D:2:      layout_rooms
D:3:      layout_loops_cross, serial_shops, nicolae_shop_behind_doors,
          nicolae_lakefront_shop, shop, minmay_bisected
D:4:      layout_basic, cheibrodos_sewer_entry_bend, uniq_crazy_yiuf_cottage,
          uniq_grinder

Skill      XL: |  1  2  3  4 |
---------------+-------------+-----
Invocations    | 1 |  1.9
Short Blades   | 1 |  1.7
Long Blades    | 1 |  1.7
Maces & Flails | 1 |  1.7
Polearms       | 1 |  1.7
Staves         | 1 |  1.7
Slings         | 1 |  1.7
Bows           | 1 |  1.7
Crossbows      | 1 |  1.7
Throwing       | 1 |  1.7
Armour         | 1 |  1.7
Shields        | 1 |  1.7
Unarmed Combat | 1 |  1.7
Spellcasting   | 1 |  1.7
Evocations     | 1 |  1.7
Conjurations   | 1 |  1.3
Hexes          | 1 |  1.3
Summonings     | 1 |  1.3
Necromancy     | 1 |  1.3
Translocations | 1 |  1.3
Transmutations | 1 |  1.3
Fire Magic     | 1 |  1.3
Ice Magic      | 1 |  1.3
Air Magic      | 1 |  1.3
Earth Magic    | 1 |  1.3
Poison Magic   | 1 |  1.3
Fighting       | |  6.7
Axes           | |  6.7
Dodging        | |  6.7
Stealth        | |  4.5

Action                   |  1- 3 |  4- 6 || total
-------------------------+-------+-------++-------
Melee: Hand axe          |   136 |   114 ||   250
       Bite              |    10 |     8 ||    18
Throw: Javelin           |     1 |     2 ||     3
       Boomerang         |       |     1 ||     1
       Throwing net      |       |     1 ||     1
  Use: Scroll            |     2 |     2 ||     4
       Potion            |       |     4 ||     4
 Stab: Sleeping          |     8 |     6 ||    14
       Held in net/web   |       |     1 ||     1
Armor: Robe              |    24 |     4 ||    28
       Leather armour    |       |     8 ||     8
Dodge: Dodged            |   131 |    56 ||   187
